 Dungeon Crawl Stone Soup version 0.26.1-2-gb8aa6d0cf2 (webtiles) character file.

Game seed: 5665094901338368408

77 Gauvater the Firebug (level 4, -5/27 HPs)
             Began as an Octopode Fire Elementalist on Feb 12, 2021.
             Slain by a two-headed ogre
             ... wielding a +0 giant spiked club
              (8 damage)
             ... on level 3 of the Dungeon.
             The game lasted 00:08:36 (2872 turns).

Gauvater the Firebug (Octopode Fire Elementalist)   Turns: 2872, Time: 00:08:37

Health: -5/27      AC:  1    Str:  7    XL:     4   Next: 34%
Magic:  4/7        EV: 14    Int: 18    God:
Gold:   87         SH:  0    Dex: 12    Spells: 3/7 levels left

rFire    . . .     SeeInvis .   n - +1 dagger (drain)
rCold    . . .     Faith    .   (no shield)
rNeg     . . .     Spirit   .   (helmet restricted)
rPois    .         Reflect  .   (no amulet)
rElec    .         Harm     .   (no ring)
rCorr    .         Rampage  .   (no ring)
Will     .....                  (no ring)
Stlth    +++.......             (no ring)
HPRegen  0.09/turn              (no ring)
MPRegen  0.10/turn              (no ring)
                                (no ring)
                                (no ring)

@: no status effects
A: almost no armour, stealthy swim, amphibious, 8 rings, constrict 8, camouflage
1, gelatinous body 1
a: no special abilities


You were on level 3 of the Dungeon.
You visited 1 branch of the dungeon, and saw 3 of its levels.

You collected 87 gold pieces.

Inventory:

Hand Weapons
 n - a +1 dagger of draining (weapon)
Missiles
 b - 3 boomerangs
 e - 24 bolts
 j - 6 javelins
 q - 58 arrows
 u - 43 sling bullets
 v - 9 poisoned darts
Jewellery
 m - a cursed -4 ring of slaying {unknown}
Scrolls
 a - a scroll of noise {unknown}
 c - 2 scrolls of remove curse {unknown}
 h - 3 scrolls of magic mapping {unknown}
 i - 2 scrolls of identify {unknown}
 k - 2 scrolls of fear {unknown}
 l - 2 scrolls of amnesia {unknown}
 p - 4 scrolls of teleportation {unknown}
 t - a scroll of fog {unknown}
 w - a scroll of enchant armour {unknown}
Potions
 d - a potion of curing
 f - a potion of magic {unknown}
 g - 2 potions of brilliance {unknown}
 o - 2 potions of attraction {unknown}
 r - a potion of degeneration {unknown}
 s - a potion of mutation {unknown}


   Skills:
 + Level 0.1 Fighting
 + Level 0.2 Short Blades
 + Level 2.7 Dodging
 + Level 3.0 Stealth
 + Level 2.4 Spellcasting
 + Level 1.5 Conjurations
 + Level 3.8 Fire Magic


You had 3 spell levels left.
You knew the following spells:

 Your Spells              Type           Power        Failure   Level
a - Foxfire               Conj/Fire      48%          5%          1
b - Conjure Flame         Conj/Fire      12%          17%         3

Your spell library contained the following spells:

 Spells                   Type           Power        Failure   Level
 Inner Flame              Hex/Fire       9%           24%         3
 Sticky Flame             Conj/Fire      12%          50%         4
 Fireball                 Conj/Fire      6%           83%         5


Dungeon Overview and Level Annotations

Branches:
Dungeon (3/15)

Altars:
Elyvilon

Annotations:
D:2 Natasha


Innate Abilities, Weirdness & Mutations

You cannot wear most types of armour.
You are very stealthy in the water. (Stealth+)
You are amphibious.
You can wear up to eight rings at the same time.
You can use your tentacles to constrict eight enemies at once.
Your skin changes colour to match your surroundings (Stealth+).
Your rubbery body absorbs attacks. (AC +1, EV +1)


Message History

Casting: Foxfire (safe; 5% risk of failure)
Confirm with . or Enter, or press ? or * to list all spells.
You conjure some foxfire!
The two-headed ogre hits you with a +0 giant spiked club!
The two-headed ogre barely misses you.
The foxfire hits the two-headed ogre.
The two-headed ogre is lightly wounded.
The foxfire hits the two-headed ogre.
The two-headed ogre is lightly wounded.
There is an open door here.
A goblin comes into view. It is wielding a +0 club.
You see here a rat corpse.
Casting: Foxfire (safe; 5% risk of failure)
Confirm with . or Enter, or press ? or * to list all spells.
You conjure some foxfire!
The two-headed ogre hits you with a +0 giant spiked club!
Ouch! That really hurt!
* * * LOW HITPOINT WARNING * * *
The two-headed ogre hits you with a +0 giant club!
You die...

#..# #.# #..# #.#
#..###.# #......#
##.<.#### ###
##.....## # ##.##
##.......##
#.#...####.........#
#.v@O†...'.........+
###.v.####.........#
##..# ##.......##
##g# ##.....## #.#
##...## #.# ##'##
#.# #.# ... #.#
##.##


You could see a two-headed ogre and a goblin.

Vanquished Creatures
  Natasha (D:2)
  2 adders (D:2)
  A worm (D:3)
  A ball python (D:3)
  2 goblins (D:2)
  9 hobgoblins
  2 quokkas (D:2)
  2 bats (D:2)
  3 frilled lizards
  A kobold (D:2)
  11 rats
35 creatures vanquished.

Vanquished Creatures (others)
  A bat (D:2)
  104 foxfires
105 creatures vanquished.

Grand Total: 140 creatures vanquished

Notes
Turn   | Place    | Note
-------+----------+-------------------------------------------
     0 | D:1      | Gauvater the Octopode Fire Elementalist began the quest for
                  | the Orb.
     0 | D:1      | Reached XP level 1. HP: 11/11 MP: 3/3
   531 | D:1      | Reached XP level 2. HP: 7/17 MP: 0/5
  1450 | D:2      | Noticed Natasha
  1461 | D:2      | Killed Natasha
  1462 | D:2      | Reached XP level 3. HP: 20/21 MP: 0/6
  1644 | D:2      | Reached XP level 4. HP: 15/27 MP: 3/7
  2158 | D:2      | Found a white marble altar of Elyvilon.
  2216 | D:2      | Noticed Natasha
  2676 | D:3      | Learned a level 3 spell: Conjure Flame
  2843 | D:3      | Noticed a two-headed ogre
  2872 | D:3      | Slain by a two-headed ogre

Illustrated notes

Levels and vault maps discovered:
D:1:      mrwooster_arrival_statue, layout_loops_ring
D:2:      layout_loops_ring, elyvilon_altar_4, kennysheep_nondescript,
          minmay_joined_circles, uniq_natasha
D:3:      layout_loops_corners, kennysheep_cluttered_room,
          uniq_crazy_yiuf_cottage, uniq_ijyb

Skill      XL: |  1  2  3 |
---------------+----------+-----
Stealth        | 3 |  3.0
Fighting       | |  0.1
Short Blades   | |  0.2
Dodging        | |  2.7
Spellcasting   | |  2.4
Conjurations   | |  1.5
Fire Magic     | |  3.8

Action                   |  1- 3 |  4- 6 || total
-------------------------+-------+-------++-------
Melee: Dagger            |     8 |     7 ||    15
       Constrict         |     5 |     1 ||     6
       Unarmed           |     2 |       ||     2
       Tentacles         |     1 |     1 ||     2
 Cast: Foxfire           |    39 |    31 ||    70
  Use: Potion            |     1 |       ||     1
 Stab: Sleeping          |       |     1 ||     1
Dodge: Dodged            |    17 |    12 ||    29
